Barracuda vs Penguins

Created - Wednesday, January 8, 2025 at 22:28

Goals
1 2 3 T
Barracuda 2 1 1 4
Penguins 1 1 1 3
Shots
1 2 3 T
Barracuda 14 13 15 42
Penguins 9 16 9 34

1st period

1. Barracuda , Nicolas Petan 9 (Ben Hutton 23, Sam Malinski 26) at 0:25
2. Penguins , Brayden Tracey 13 (Daniel Torgersson 7, Jakub Zboril 7) at 4:57
3. Barracuda , Kyle Criscuolo 13 (Oskar Olausson 15) at 5:13

Penalties :
Corey Schueneman (WBS) for High sticking (Minor) at 5:33, Ben Hutton (SJB) for Delaying the game (Minor) at 12:15, Corey Schueneman (WBS) for Roughing (Minor) at 15:26, Carsen Twarynski (SJB) for Roughing (Minor) at 16:35

2nd period

4. Barracuda , Nicolas Petan 10 (Matt Martin 12, Mark Friedman 30) at 8:13
5. Penguins , Antti Saarela 6 (Nikita Chibrikov 16) at 19:36 (PP)

Penalties :
Kevin Connauton (SJB) for Roughing (Minor) at 5:43, Matt Martin (SJB) for Hooking (Minor) at 9:21, Dominik Shine (SJB) for Roughing (Minor) at 12:46, Mark Friedman (SJB) for Tripping (Minor) at 18:11

3rd period

6. Barracuda , Carsen Twarynski 10 (Kyle Criscuolo 22, Louis Belpedio 19) at 8:50
7. Penguins , Lucas Edmonds 13 (Anthony Deangelo 26, Jake Massie 11) at 10:01

Penalties :
Daniel Torgersson (WBS) for Hooking (Minor) at 1:59, Louis Belpedio (SJB) for Holding (Minor) at 3:50, Oskar Olausson (SJB) for Tripping (Minor) at 5:46, Dominik Shine (SJB) for Hooking (Minor) at 11:14, Jake Massie (WBS) for Roughing (Minor) at 12:00, Jake Massie (WBS) for Interference (Minor) at 14:08, Dominik Shine (SJB) for Roughing (Minor) at 14:08, Austin Watson (WBS) for Roughing (Minor) at 17:57

Goalie Stats

Arturs Silovs (SJB), 31 saves from 34 shots - (0.912), W, 21-20-3, 60:00 minutes
Mitchell Weeks (WBS), 38 saves from 42 shots - (0.905), L, 1-3-0, 60:00 minutes

Players Stats for Barracuda

Player Name              G  A  P  +/- PIM S  H  SB GA TA FO     MP     PP MP  PK MP  
------------------------------------------------------------------------------------
Ben Hutton               0  1  1   0  2   1  1  1  0  0  0/0    24:37   4:33   5:58 
Carsen Twarynski         1  0  1   1  2   5  0  0  0  0  0/1     9:11   0:00   0:00 
David Gustafsson         0  0  0   2  0   1  1  0  0  0  1/3    18:45   3:55   5:22 
Dominik Shine            0  0  0   0  6   2  0  0  0  0  0/0    11:17   3:03   0:00 
Gavin Bayreuther         0  0  0   2  0   3  0  0  0  0  0/0    14:59   0:00   4:07 
Jon-Randall Avon         0  0  0   0  0   0  1  0  0  0  1/3     2:35   0:47   0:00 
Kevin Connauton          0  0  0   0  2   0  8  3  0  0  0/0    21:06   3:11   5:42 
Kyle Criscuolo           1  1  2   1  0   2  1  0  0  0  21/31  24:43   4:41   8:52 
Louis Belpedio           0  1  1   0  2   5  3  2  0  0  0/0    21:36   3:10   6:12 
Mark Friedman            0  1  1   2  2   2  1  0  0  0  0/0    12:32   0:01   1:07 
Matt Martin              0  1  1   2  2   3  1  0  0  0  2/2     8:08   0:00   0:00 
Matthew Wedman           0  0  0   0  0   0  0  0  0  0  0/0     0:00   0:00   0:00 
Mike Hardman             0  0  0   0  0   5  5  0  0  0  7/21   22:34   3:02   9:07 
Nicolas Petan            2  0  2   1  0   8  1  0  0  0  8/11   20:15   4:41   0:29 
Oskar Olausson           0  1  1   1  2   2  2  0  0  0  1/3    10:44   0:00   0:41 
Ryan Schmelzer           0  0  0  -1  0   1  3  1  0  0  12/23  24:48   3:02   5:19 
Sam Malinski             0  1  1   0  0   0  1  2  0  0  0/0    25:06   4:32   7:00 
Tyler Angle              0  0  0  -1  0   2  0  0  0  0  3/5     7:38   0:00   0:12 

Players Stats for Penguins

Player Name              G  A  P  +/- PIM S  H  SB GA TA FO     MP     PP MP  PK MP  
------------------------------------------------------------------------------------
Anthony Deangelo         0  1  1  -1  0   2  1  0  0  0  0/0    24:17   7:32   3:55 
Antti Saarela            1  0  1   1  0   4  0  0  0  0  13/27  19:09   7:20   0:00 
Austin Watson            0  0  0  -2  2   0  5  1  0  0  7/19   21:18   6:05   2:54 
Brayden Tracey           1  0  1  -1  0   5  3  0  0  0  1/1    21:59   6:32   1:21 
Brendan Lemieux          0  0  0  -2  0   1  3  0  0  0  0/0    12:04   0:00   4:43 
Corey Schueneman         0  0  0  -1  4   2  5  0  0  0  0/0    20:02   6:53   2:07 
Daniel Torgersson        0  1  1  -1  2   0  2  0  0  0  1/2    14:49   1:11   0:00 
Farm Player 115          0  0  0  -2  0   0  0  0  0  0  4/16   13:36   0:55   0:59 
Jake Massie              0  1  1  -1  4   1  1  0  0  0  0/0    21:03   7:31   2:09 
Jakub Zboril             0  1  1   0  0   0  0  1  0  0  0/0    11:19   0:00   0:09 
Lucas Edmonds            1  0  1   1  0   5  1  0  0  0  2/3    19:39   7:36   0:00 
Marcel Marcel            0  0  0   1  0   1  0  0  0  0  1/3     3:13   1:38   0:00 
Nikita Chibrikov         0  1  1   1  0   4  2  0  0  0  0/0    22:06   7:20   1:40 
Ozzy Wiesblatt           0  0  0   0  0   0  0  0  0  0  0/0     0:22   0:22   0:00 
Roni Hirvonen            0  0  0   0  0   0  0  0  0  0  0/0     0:00   0:00   0:00 
Ryan Winterton           0  0  0  -2  0   4  0  0  0  0  18/32  21:36   7:05   3:51 
Tyler Kleven             0  0  0  -1  0   4  2  3  0  0  0/0    22:47   6:10   3:16 
Tyson Hinds              0  0  0   0  0   1  2  3  0  0  0/0    18:41   1:04   3:52 

3 Stars

1 - Nicolas Petan (SJB)
2 - Kyle Criscuolo (SJB)
3 - Lucas Edmonds (WBS)

Power Play

Barracuda - 0 on 5 Attempt(s) - 0.00%
Penguins - 1 on 9 Attempt(s) - 11.11%

Penalty Kill

Barracuda - 8 on 9 Attempt(s) - 88.89% - Score 0 goal in Penalty Kill
Penguins - 5 on 5 Attempt(s) - 100.00% - Score 0 goal in Penalty Kill

Team Stat

Barracuda - Hits : 29 - Faceoff Wins : 56 - Blocked Shots : 9 - Penalty Minutes : 20
Penguins - Hits : 27 - Faceoff Wins : 47 - Blocked Shots : 8 - Penalty Minutes : 12

Official

Referees : Peter Macdougall and Kelly Sutherland
Linesman : CJ Murray and Brad Kovachik

Game Notes

No Game Note

Finance

Level 1 -- Attendance: 1897 (94.85%) -- Ticket Income $66,395
Level 2 -- Attendance: 880 (88.00%) -- Ticket Income $13,200
Total Attendance: 2777 (92.57%)
Total Ticket Income: $79,595
Other Income: $39,002
Total Income: $118,597

Barracuda

5 vs 5 Forward 
   Center                   Left Wing                Right Wing               Time % Phy DF OF 
 1 Nicolas Petan            David Gustafsson         Matt Martin              25     1   2  2  
 2 Ryan Schmelzer           Mike Hardman             Dominik Shine            25     1   2  2  
 3 Kyle Criscuolo           Carsen Twarynski         Oskar Olausson           25     1   2  2  
 4 Tyler Angle              Ryan Schmelzer           Nicolas Petan            25     1   2  2  

5 vs 5 Defense 
   Defense                  Defense                                           Time % Phy DF OF 
 1 Ben Hutton               Sam Malinski                                      25     1   2  2  
 2 Louis Belpedio           Kevin Connauton                                   25     1   2  2  
 3 Mark Friedman            Gavin Bayreuther                                  25     1   2  2  
 4 Ben Hutton               Sam Malinski                                      25     1   2  2  

PowerPlay Forward 
   Center                   Left Wing                Right Wing               Time % Phy DF OF 
 1 Kyle Criscuolo           David Gustafsson         Nicolas Petan            60     1   2  2  
 2 Ryan Schmelzer           Mike Hardman             Dominik Shine            40     1   2  2  

PowerPlay Defense
   Defense                  Defense                                           Time % Phy DF OF 
 1 Ben Hutton               Sam Malinski                                      60     1   2  2  
 2 Louis Belpedio           Kevin Connauton                                   40     1   2  2  

Penalty Kill 4 Players Forward 
   Center                   Wing                     Time % Phy DF OF 
 1 Mike Hardman             Kyle Criscuolo           60     1   2  2  
 2 Ryan Schmelzer           David Gustafsson         40     1   2  2  

Penalty Kill 4 Players Defense
   Defense                  Defense                  Time % Phy DF OF 
 1 Ben Hutton               Sam Malinski             60     1   2  2  
 2 Louis Belpedio           Kevin Connauton          40     1   2  2  

Penalty Kill - 3 Players Forward 
   Forward                                           Time % Phy DF OF 
 1 David Gustafsson                                  60     1   2  2  
 2 Ryan Schmelzer                                    40     1   2  2  

Penalty Kill - 3 Players Defense
   Defense                  Defense                  Time % Phy DF OF 
 1 Ben Hutton               Sam Malinski             60     1   2  2  
 2 Louis Belpedio           Kevin Connauton          40     1   2  2  

4 vs 4 Forward 
   Center                   Wing                     Time % Phy DF OF 
 1 Kyle Criscuolo           Mike Hardman             60     1   2  2  
 2 Ryan Schmelzer           David Gustafsson         40     1   2  2  

4 vs 4 Defense
   Defense                  Defense                  Time % Phy DF OF 
 1 Ben Hutton               Sam Malinski             60     1   2  2  
 2 Louis Belpedio           Kevin Connauton          40     1   2  2  

Last Minutes Offensive
   Center                   Left Wing                Right Wing               Defense                  Defense                  
   Nicolas Petan            David Gustafsson         Matt Martin              Ben Hutton               Sam Malinski             

Last Minutes Defensive
   Center                   Left Wing                Right Wing               Defense                  Defense                  
   Nicolas Petan            David Gustafsson         Matt Martin              Ben Hutton               Sam Malinski             

Goaltenders
Starting : Arturs Silovs            
Backup : Zane McIntyre            

Extra Forwards
Normal : Jon-Randall Avon, Kyle Criscuolo, Oskar Olausson - PP : Jon-Randall Avon, Kyle Criscuolo - PK : Oskar Olausson
Extra Defensemen
Normal : Mark Friedman, Gavin Bayreuther, Louis Belpedio - PP : Mark Friedman - PK : Gavin Bayreuther, Louis Belpedio
Penalty Shots
Oskar Olausson, Kyle Criscuolo, Ryan Schmelzer, David Gustafsson, Mike Hardman
Custom OT Lines Forwards
Matt Martin, Nicolas Petan, Ryan Schmelzer, David Gustafsson, Mike Hardman, Kyle Criscuolo, Dominik Shine, Oskar Olausson, Tyler Angle, Carsen Twarynski
Custom OT Lines Defensemen
Ben Hutton, Sam Malinski, Louis Belpedio, Kevin Connauton, Mark Friedman

Scratches
Farm Goalie 49 (Healthy)

Penguins

5 vs 5 Forward 
   Center                   Left Wing                Right Wing               Time % Phy DF OF 
 1 Ryan Winterton           Austin Watson            Brendan Lemieux          25     1   2  2  
 2 Antti Saarela            Nikita Chibrikov         Lucas Edmonds            25     1   2  2  
 3 Farm Player 115          Brayden Tracey           Daniel Torgersson        25     1   2  2  
 4 Austin Watson            Daniel Torgersson        Ryan Winterton           25     1   2  2  

5 vs 5 Defense 
   Defense                  Defense                                           Time % Phy DF OF 
 1 Jake Massie              Anthony Deangelo                                  25     1   2  2  
 2 Corey Schueneman         Tyler Kleven                                      25     1   2  2  
 3 Jakub Zboril             Tyson Hinds                                       25     1   2  2  
 4 Jake Massie              Anthony Deangelo                                  25     1   2  2  

PowerPlay Forward 
   Center                   Left Wing                Right Wing               Time % Phy DF OF 
 1 Ryan Winterton           Austin Watson            Brayden Tracey           60     1   2  2  
 2 Antti Saarela            Nikita Chibrikov         Lucas Edmonds            40     1   2  2  

PowerPlay Defense
   Defense                  Defense                                           Time % Phy DF OF 
 1 Jake Massie              Anthony Deangelo                                  60     1   2  2  
 2 Corey Schueneman         Tyler Kleven                                      40     1   2  2  

Penalty Kill 4 Players Forward 
   Center                   Wing                     Time % Phy DF OF 
 1 Austin Watson            Brendan Lemieux          60     1   2  2  
 2 Ryan Winterton           Nikita Chibrikov         40     1   2  2  

Penalty Kill 4 Players Defense
   Defense                  Defense                  Time % Phy DF OF 
 1 Tyson Hinds              Anthony Deangelo         60     1   2  2  
 2 Corey Schueneman         Tyler Kleven             40     1   2  2  

Penalty Kill - 3 Players Forward 
   Forward                                           Time % Phy DF OF 
 1 Austin Watson                                     60     1   2  2  
 2 Ryan Winterton                                    40     1   2  2  

Penalty Kill - 3 Players Defense
   Defense                  Defense                  Time % Phy DF OF 
 1 Jake Massie              Anthony Deangelo         60     1   2  2  
 2 Corey Schueneman         Tyler Kleven             40     1   2  2  

4 vs 4 Forward 
   Center                   Wing                     Time % Phy DF OF 
 1 Austin Watson            Brayden Tracey           60     1   2  2  
 2 Ryan Winterton           Nikita Chibrikov         40     1   2  2  

4 vs 4 Defense
   Defense                  Defense                  Time % Phy DF OF 
 1 Jake Massie              Anthony Deangelo         60     1   2  2  
 2 Corey Schueneman         Tyler Kleven             40     1   2  2  

Last Minutes Offensive
   Center                   Left Wing                Right Wing               Defense                  Defense                  
   Ryan Winterton           Austin Watson            Brendan Lemieux          Corey Schueneman         Anthony Deangelo         

Last Minutes Defensive
   Center                   Left Wing                Right Wing               Defense                  Defense                  
   Ryan Winterton           Austin Watson            Brendan Lemieux          Corey Schueneman         Anthony Deangelo         

Goaltenders
Starting : Mitchell Weeks           
Backup : Aaron Dell               

Extra Forwards
Normal : Marcel Marcel, Brayden Tracey, Austin Watson - PP : Marcel Marcel, Brayden Tracey - PK : Austin Watson
Extra Defensemen
Normal : Anthony Deangelo, Tyson Hinds, Jake Massie - PP : Anthony Deangelo - PK : Tyson Hinds, Jake Massie
Penalty Shots
Austin Watson, Brendan Lemieux, Ryan Winterton, Nikita Chibrikov, Brayden Tracey
Custom OT Lines Forwards
Austin Watson, Brendan Lemieux, Ryan Winterton, Nikita Chibrikov, Brayden Tracey, Lucas Edmonds, Farm Player 115, Daniel Torgersson, Antti Saarela, Marcel Marcel
Custom OT Lines Defensemen
Tyson Hinds, Anthony Deangelo, Corey Schueneman, Tyler Kleven, Jake Massie

Scratches
Farm Player 17 (Healthy), Farm Player 19 (Healthy), Thomas Milic (Healthy), Nico Daws (Exhaustion)

% Time on Ice - Barracuda

Lines # - Real PCT - Wanted PCT - Time Play
Normal Forward
1 - 25% - 25% - 8:06
2 - 25% - 25% - 8:17
3 - 28% - 25% - 9:11
4 - 23% - 25% - 7:26
Normal Defense
1 - 18% - 25% - 6:06
2 - 31% - 25% - 10:09
3 - 33% - 25% - 10:49
4 - 18% - 25% - 5:56
PP Forward
1 - 61% - 60% - 4:41
2 - 39% - 40% - 3:03
PP Defense
1 - 59% - 60% - 4:33
2 - 41% - 40% - 3:11
PK Forward
1 - 65% - 60% - 9:41
2 - 35% - 40% - 5:19
PK Defense
1 - 45% - 60% - 6:44
2 - 55% - 40% - 8:16
PK3 Forward
1 - 100% - 60% - 0:03
2 - 0% - 40% - 0:00
PK3 Defense
1 - 0% - 60% - 0:00
2 - 100% - 40% - 0:03
44 Forward
1 - 67% - 60% - 2:48
2 - 33% - 40% - 1:22
44 Defense
1 - 50% - 60% - 2:05
2 - 50% - 40% - 2:05
Last Minute Offensive  - 0:00
Last Minute Defensive  - 0:03
Total
Forward - 60:00
Defense - 60:00

% Time on Ice - Penguins

Lines # - Real PCT - Wanted PCT - Time Play
Normal Forward
1 - 22% - 25% - 7:18
2 - 37% - 25% - 12:03
3 - 34% - 25% - 11:20
4 - 7% - 25% - 2:19
Normal Defense
1 - 18% - 25% - 5:49
2 - 32% - 25% - 10:36
3 - 34% - 25% - 11:10
4 - 16% - 25% - 5:25
PP Forward
1 - 50% - 60% - 7:27
2 - 50% - 40% - 7:36
PP Defense
1 - 50% - 60% - 7:32
2 - 50% - 40% - 7:31
PK Forward
1 - 78% - 60% - 6:04
2 - 22% - 40% - 1:40
PK Defense
1 - 49% - 60% - 3:46
2 - 51% - 40% - 3:58
PK3 Forward
1 - 0% - 60%
2 - 0% - 40%
PK3 Defense
1 - 0% - 60%
2 - 0% - 40%
44 Forward
1 - 75% - 60% - 3:07
2 - 25% - 40% - 1:03
44 Defense
1 - 70% - 60% - 2:54
2 - 30% - 40% - 1:16
Last Minute Offensive  - 0:03
Last Minute Defensive  - 0:00
Total
Forward - 60:00
Defense - 60:00

Play-by-Play

1st period


0:01 of 1st period - Nicolas Petan wins face-off versus Ryan Winterton in neutral zone.
0:01 of 1st period - Sam Malinski is hit by Brendan Lemieux and loses puck.
0:25 of 1st period - Shot by Nicolas Petan.
0:25 of 1st period - Goal by Nicolas Petan - Barracuda : 1 - Penguins : 0.
0:26 of 1st period - Antti Saarela wins face-off versus Ryan Schmelzer in neutral zone.
0:26 of 1st period - Lucas Edmonds is hit by Mike Hardman and loses puck.
0:42 of 1st period - Lucas Edmonds is hit by Kevin Connauton and loses puck.
0:55 of 1st period - Shot by Nikita Chibrikov.
0:55 of 1st period - Shot Misses the Net.
0:57 of 1st period - Shot by Corey Schueneman.
0:57 of 1st period - Stopped by Arturs Silovs with a rebound.
0:59 of 1st period - Shot by Tyler Kleven.
0:59 of 1st period - Shot Misses the Net.
1:01 of 1st period - Shot by Lucas Edmonds.
1:01 of 1st period - Stopped by Arturs Silovs without a rebound.
1:02 of 1st period - Kyle Criscuolo wins face-off versus Farm Player 115 in Barracuda zone.
1:25 of 1st period - Shot by Daniel Torgersson.
1:25 of 1st period - Shot Misses the Net.
2:00 of 1st period - Shot by Matt Martin.
2:00 of 1st period - Shot Misses the Net.
2:08 of 1st period - Shot by Matt Martin.
2:08 of 1st period - Shot Misses the Net.
2:10 of 1st period - Shot by Nicolas Petan.
2:10 of 1st period - Shot Blocked by Tyson Hinds.
2:18 of 1st period - Shot by Nicolas Petan.
2:18 of 1st period - Stopped by Mitchell Weeks with a rebound.
2:29 of 1st period - Off-side.
2:30 of 1st period - Ryan Winterton wins face-off versus Ryan Schmelzer in neutral zone.
2:53 of 1st period - Off-side.
2:54 of 1st period - Kyle Criscuolo wins face-off versus Antti Saarela in neutral zone.
2:54 of 1st period - Carsen Twarynski is hit by Nikita Chibrikov and loses puck.
3:00 of 1st period - Carsen Twarynski is hit by Corey Schueneman and loses puck.
3:56 of 1st period - Shot by Austin Watson.
3:56 of 1st period - Shot Misses the Net.
4:10 of 1st period - Ryan Schmelzer is hit by Brendan Lemieux and loses puck.
4:32 of 1st period - Sam Malinski is hit by Brayden Tracey and loses puck.
4:49 of 1st period - Shot by Brayden Tracey.
4:49 of 1st period - Shot Misses the Net.
4:51 of 1st period - Shot by Daniel Torgersson.
4:51 of 1st period - Deflect By Brayden Tracey.
4:51 of 1st period - Shot Misses the Net.
4:55 of 1st period - Shot by Brayden Tracey.
4:55 of 1st period - Stopped by Arturs Silovs with a rebound.
4:57 of 1st period - Shot by Brayden Tracey.
4:57 of 1st period - Goal by Brayden Tracey - Barracuda : 1 - Penguins : 1.
4:58 of 1st period - Kyle Criscuolo wins face-off versus Antti Saarela in neutral zone.
5:01 of 1st period - Shot by Louis Belpedio.
5:01 of 1st period - Stopped by Mitchell Weeks without a rebound.
5:02 of 1st period - Kyle Criscuolo wins face-off versus Antti Saarela in Penguins zone.
5:07 of 1st period - Shot by Oskar Olausson.
5:07 of 1st period - Stopped by Mitchell Weeks with a rebound.
5:09 of 1st period - Shot by Carsen Twarynski.
5:09 of 1st period - Stopped by Mitchell Weeks without a rebound.
5:10 of 1st period - Kyle Criscuolo wins face-off versus Ryan Winterton in Penguins zone.
5:13 of 1st period - Shot by Oskar Olausson.
5:13 of 1st period - Deflect By Kyle Criscuolo.
5:13 of 1st period - Goal by Kyle Criscuolo - Barracuda : 2 - Penguins : 1.
5:14 of 1st period - Ryan Winterton wins face-off versus Kyle Criscuolo in neutral zone.
5:16 of 1st period - Anthony Deangelo is hit by Kevin Connauton and loses puck.
5:21 of 1st period - Shot by Ryan Winterton.
5:21 of 1st period - Stopped by Arturs Silovs without a rebound.
5:22 of 1st period - Kyle Criscuolo wins face-off versus Antti Saarela in Barracuda zone.
5:30 of 1st period - Off-side.
5:31 of 1st period - Kyle Criscuolo wins face-off versus Austin Watson in neutral zone.
5:33 of 1st period - Minor Penalty to Corey Schueneman for High sticking.
5:34 of 1st period - Austin Watson wins face-off versus Kyle Criscuolo in Penguins zone.
5:47 of 1st period - Shot by Nicolas Petan.
5:47 of 1st period - Stopped by Mitchell Weeks without a rebound.
5:48 of 1st period - Ryan Schmelzer wins face-off versus Austin Watson in Penguins zone.
6:25 of 1st period - Shot by Sam Malinski.
6:25 of 1st period - Shot Misses the Net.
6:27 of 1st period - Shot by Mike Hardman.
6:27 of 1st period - Stopped by Mitchell Weeks with a rebound.
6:51 of 1st period - Icing by Kevin Connauton.
6:52 of 1st period - Kyle Criscuolo wins face-off versus Austin Watson in Barracuda zone.
7:47 of 1st period - Shot by Carsen Twarynski.
7:47 of 1st period - Stopped by Mitchell Weeks without a rebound.
7:48 of 1st period - Antti Saarela wins face-off versus Ryan Schmelzer in Penguins zone.
8:23 of 1st period - Icing by Dominik Shine.
8:24 of 1st period - Ryan Schmelzer wins face-off versus Farm Player 115 in Barracuda zone.
9:06 of 1st period - Shot by Nicolas Petan.
9:06 of 1st period - Stopped by Mitchell Weeks without a rebound.
9:07 of 1st period - Kyle Criscuolo wins face-off versus Ryan Winterton in Penguins zone.
9:13 of 1st period - Kyle Criscuolo is hit by Corey Schueneman and loses puck.
9:57 of 1st period - Nikita Chibrikov is hit by Kevin Connauton.
10:01 of 1st period - Shot by Antti Saarela.
10:01 of 1st period - Stopped by Arturs Silovs without a rebound.
10:02 of 1st period - Antti Saarela wins face-off versus Tyler Angle in Barracuda zone.
10:02 of 1st period - Antti Saarela is hit by Sam Malinski.
10:10 of 1st period - Shot by Lucas Edmonds.
10:10 of 1st period - Stopped by Arturs Silovs with a rebound.
11:08 of 1st period - Shot by Mike Hardman.
11:08 of 1st period - Deflect By Dominik Shine.
11:08 of 1st period - Stopped by Mitchell Weeks without a rebound.
11:09 of 1st period - Nicolas Petan wins face-off versus Ryan Winterton in Penguins zone.
11:18 of 1st period - David Gustafsson is hit by Austin Watson and loses puck.
11:26 of 1st period - Shot by Mark Friedman.
11:26 of 1st period - Shot Misses the Net.
11:28 of 1st period - Shot by Gavin Bayreuther.
11:28 of 1st period - Stopped by Mitchell Weeks with a rebound.
11:30 of 1st period - Shot by Mark Friedman.
11:30 of 1st period - Shot Misses the Net.
11:32 of 1st period - Shot by Matt Martin.
11:32 of 1st period - Shot Misses the Net.
11:55 of 1st period - Oskar Olausson is hit by Brayden Tracey and loses puck.
12:03 of 1st period - Icing by Jakub Zboril.
12:04 of 1st period - Ryan Schmelzer wins face-off versus Farm Player 115 in Penguins zone.
12:04 of 1st period - Ryan Schmelzer is hit by Tyson Hinds.
12:15 of 1st period - Minor Penalty to Ben Hutton for Delaying the game.
12:16 of 1st period - Antti Saarela wins face-off versus Mike Hardman in Barracuda zone.
12:35 of 1st period - Shot by Anthony Deangelo.
12:35 of 1st period - Shot Misses the Net.
12:37 of 1st period - Shot by Lucas Edmonds.
12:37 of 1st period - Stopped by Arturs Silovs without a rebound.
12:38 of 1st period - Mike Hardman wins face-off versus Ryan Winterton in Barracuda zone.
13:24 of 1st period - Icing by Antti Saarela.
13:25 of 1st period - Mike Hardman wins face-off versus Antti Saarela in Penguins zone.
13:29 of 1st period - Icing by Jake Massie.
13:30 of 1st period - Antti Saarela wins face-off versus Mike Hardman in Penguins zone.
13:41 of 1st period - Shot by Anthony Deangelo.
13:41 of 1st period - Shot Misses the Net.
13:55 of 1st period - Shot by Jake Massie.
13:55 of 1st period - Stopped by Arturs Silovs with a rebound.
14:43 of 1st period - Shot by Daniel Torgersson.
14:43 of 1st period - Shot Misses the Net.
15:26 of 1st period - Minor Penalty to Corey Schueneman for Roughing.
15:27 of 1st period - Austin Watson wins face-off versus Ryan Schmelzer in Penguins zone.
16:16 of 1st period - Shot by Louis Belpedio.
16:16 of 1st period - Shot Misses the Net.
16:35 of 1st period - Minor Penalty to Carsen Twarynski for Roughing.
16:36 of 1st period - Marcel Marcel wins face-off versus Kyle Criscuolo in Barracuda zone.
17:31 of 1st period - Shot by Ryan Schmelzer.
17:31 of 1st period - Shot Misses the Net.
17:47 of 1st period - Shot by Anthony Deangelo.
17:47 of 1st period - Shot Blocked by Ryan Schmelzer.
18:20 of 1st period - Icing by Daniel Torgersson.
18:21 of 1st period - Ryan Winterton wins face-off versus Mike Hardman in Penguins zone.
18:21 of 1st period - Ryan Winterton is hit by Mike Hardman.
18:34 of 1st period - Icing by Ryan Winterton.
18:35 of 1st period - Tyler Angle wins face-off versus Antti Saarela in Penguins zone.
18:51 of 1st period - Off-side.
18:52 of 1st period - Daniel Torgersson wins face-off versus Kyle Criscuolo in neutral zone.
18:54 of 1st period - Off-side.
18:55 of 1st period - Kyle Criscuolo wins face-off versus Farm Player 115 in neutral zone.
19:09 of 1st period - Carsen Twarynski is hit by Tyler Kleven and loses puck.
19:23 of 1st period - Icing by Kevin Connauton.
19:24 of 1st period - Kyle Criscuolo wins face-off versus Antti Saarela in Barracuda zone.
19:31 of 1st period - Shot by Louis Belpedio.
19:31 of 1st period - Stopped by Mitchell Weeks without a rebound.
19:32 of 1st period - Ryan Winterton wins face-off versus Nicolas Petan in Penguins zone.
19:32 of 1st period - Ryan Winterton is hit by Matt Martin.
19:44 of 1st period - Shot by Nicolas Petan.
19:44 of 1st period - Stopped by Mitchell Weeks without a rebound.
19:45 of 1st period - Lucas Edmonds wins face-off versus Ryan Schmelzer in Penguins zone.
Goals for this period are 2 for Barracuda vs 1 for Penguins.
Shots for this period are 14 for Barracuda vs 9 for Penguins.

2nd period


0:01 of 2nd period - Austin Watson wins face-off versus Ryan Schmelzer in neutral zone.
0:27 of 2nd period - Daniel Torgersson is hit by Ben Hutton and loses puck.
1:17 of 2nd period - Shot by Nicolas Petan.
1:17 of 2nd period - Stopped by Mitchell Weeks with a rebound.
1:59 of 2nd period - Shot by Carsen Twarynski.
1:59 of 2nd period - Stopped by Mitchell Weeks without a rebound.
2:00 of 2nd period - Farm Player 115 wins face-off versus Kyle Criscuolo in Penguins zone.
2:00 of 2nd period - Farm Player 115 is hit by Kyle Criscuolo.
2:15 of 2nd period - Brayden Tracey is hit by Louis Belpedio and loses puck.
2:55 of 2nd period - Austin Watson is hit by Kevin Connauton and loses puck.
3:26 of 2nd period - Jakub Zboril is hit by Ryan Schmelzer and loses puck.
4:01 of 2nd period - Shot by Ryan Winterton.
4:01 of 2nd period - Stopped by Arturs Silovs with a rebound.
4:03 of 2nd period - Shot by Ryan Winterton.
4:03 of 2nd period - Shot Blocked by Sam Malinski.
4:05 of 2nd period - Shot by Ryan Winterton.
4:05 of 2nd period - Shot Misses the Net.
4:35 of 2nd period - Shot by Nikita Chibrikov.
4:35 of 2nd period - Shot Misses the Net.
4:45 of 2nd period - Shot by Nikita Chibrikov.
4:45 of 2nd period - Stopped by Arturs Silovs without a rebound.
4:46 of 2nd period - Jon-Randall Avon wins face-off versus Marcel Marcel in Barracuda zone.
4:57 of 2nd period - Shot by Mike Hardman.
4:57 of 2nd period - Deflect By Dominik Shine.
4:57 of 2nd period - Shot Misses the Net.
4:59 of 2nd period - Shot by Mike Hardman.
4:59 of 2nd period - Stopped by Mitchell Weeks without a rebound.
5:00 of 2nd period - Kyle Criscuolo wins face-off versus Farm Player 115 in Penguins zone.
5:17 of 2nd period - Jakub Zboril is hit by Oskar Olausson and loses puck.
5:24 of 2nd period - Shot by Oskar Olausson.
5:24 of 2nd period - Shot Misses the Net.
5:26 of 2nd period - Shot by Carsen Twarynski.
5:26 of 2nd period - Stopped by Mitchell Weeks without a rebound.
5:27 of 2nd period - Lucas Edmonds wins face-off versus Jon-Randall Avon in Penguins zone.
5:27 of 2nd period - Anthony Deangelo is hit by Jon-Randall Avon and loses puck.
5:36 of 2nd period - Shot by Nikita Chibrikov.
5:36 of 2nd period - Stopped by Arturs Silovs without a rebound.
5:37 of 2nd period - Ryan Winterton wins face-off versus Jon-Randall Avon in Barracuda zone.
5:40 of 2nd period - Shot by Tyler Kleven.
5:40 of 2nd period - Stopped by Arturs Silovs without a rebound.
5:41 of 2nd period - Austin Watson wins face-off versus Ryan Schmelzer in Barracuda zone.
5:43 of 2nd period - Minor Penalty to Kevin Connauton for Roughing.
5:44 of 2nd period - Ryan Winterton wins face-off versus Mike Hardman in Barracuda zone.
5:49 of 2nd period - Shot by Ryan Winterton.
5:49 of 2nd period - Stopped by Arturs Silovs without a rebound.
5:50 of 2nd period - Mike Hardman wins face-off versus Ryan Winterton in Barracuda zone.
5:50 of 2nd period - Mike Hardman is hit by Austin Watson.
6:55 of 2nd period - Shot by Antti Saarela.
6:55 of 2nd period - Stopped by Arturs Silovs without a rebound.
6:56 of 2nd period - Ryan Schmelzer wins face-off versus Antti Saarela in Barracuda zone.
7:05 of 2nd period - Shot by Tyler Kleven.
7:05 of 2nd period - Stopped by Arturs Silovs without a rebound.
7:06 of 2nd period - Kyle Criscuolo wins face-off versus Antti Saarela in Barracuda zone.
7:06 of 2nd period - Kyle Criscuolo is hit by Lucas Edmonds.
7:22 of 2nd period - Shot by Tyler Kleven.
7:22 of 2nd period - Stopped by Arturs Silovs without a rebound.
7:23 of 2nd period - Ryan Winterton wins face-off versus Mike Hardman in Barracuda zone.
7:32 of 2nd period - Shot by Anthony Deangelo.
7:32 of 2nd period - Stopped by Arturs Silovs without a rebound.
7:33 of 2nd period - Antti Saarela wins face-off versus Mike Hardman in Barracuda zone.
8:07 of 2nd period - Shot by Matt Martin.
8:07 of 2nd period - Shot Misses the Net.
8:09 of 2nd period - Shot by Nicolas Petan.
8:09 of 2nd period - Shot Misses the Net.
8:11 of 2nd period - Shot by Mark Friedman.
8:11 of 2nd period - Shot Misses the Net.
8:13 of 2nd period - Shot by Matt Martin.
8:13 of 2nd period - Deflect By Nicolas Petan.
8:13 of 2nd period - Goal by Nicolas Petan - Barracuda : 3 - Penguins : 1.
8:14 of 2nd period - Ryan Schmelzer wins face-off versus Antti Saarela in neutral zone.
8:29 of 2nd period - Jake Massie is hit by Mike Hardman and loses puck.
8:46 of 2nd period - Shot by Mike Hardman.
8:46 of 2nd period - Stopped by Mitchell Weeks with a rebound.
9:13 of 2nd period - Shot by Kyle Criscuolo.
9:13 of 2nd period - Stopped by Mitchell Weeks without a rebound.
9:14 of 2nd period - David Gustafsson wins face-off versus Austin Watson in Penguins zone.
9:14 of 2nd period - David Gustafsson is hit by Tyler Kleven.
9:21 of 2nd period - Minor Penalty to Matt Martin for Hooking.
9:22 of 2nd period - Ryan Winterton wins face-off versus Mike Hardman in Barracuda zone.
9:27 of 2nd period - Shot by Brayden Tracey.
9:27 of 2nd period - Stopped by Arturs Silovs without a rebound.
9:28 of 2nd period - Mike Hardman wins face-off versus Ryan Winterton in Barracuda zone.
10:14 of 2nd period - Icing by Anthony Deangelo.
10:15 of 2nd period - Mike Hardman wins face-off versus Antti Saarela in Penguins zone.
10:19 of 2nd period - Icing by Nikita Chibrikov.
10:20 of 2nd period - Antti Saarela wins face-off versus Mike Hardman in Penguins zone.
11:33 of 2nd period - Jakub Zboril is hit by Ryan Schmelzer and loses puck.
11:43 of 2nd period - Icing by Jakub Zboril.
11:44 of 2nd period - Kyle Criscuolo wins face-off versus Farm Player 115 in Penguins zone.
11:59 of 2nd period - Shot by Brayden Tracey.
11:59 of 2nd period - Stopped by Arturs Silovs without a rebound.
12:00 of 2nd period - Ryan Winterton wins face-off versus Nicolas Petan in Barracuda zone.
12:01 of 2nd period - Shot by Brendan Lemieux.
12:01 of 2nd period - Shot Misses the Net.
12:17 of 2nd period - Shot by David Gustafsson.
12:17 of 2nd period - Shot Misses the Net.
12:19 of 2nd period - Shot by David Gustafsson.
12:19 of 2nd period - Shot Blocked by Tyler Kleven.
12:21 of 2nd period - Shot by Matt Martin.
12:21 of 2nd period - Stopped by Mitchell Weeks with a rebound.
12:23 of 2nd period - Shot by Nicolas Petan.
12:23 of 2nd period - Shot Misses the Net.
12:46 of 2nd period - Minor Penalty to Dominik Shine for Roughing.
12:47 of 2nd period - Antti Saarela wins face-off versus Mike Hardman in Barracuda zone.
12:48 of 2nd period - Shot by Anthony Deangelo.
12:48 of 2nd period - Shot Misses the Net.
12:50 of 2nd period - Shot by Jake Massie.
12:50 of 2nd period - Shot Misses the Net.
12:52 of 2nd period - Shot by Lucas Edmonds.
12:52 of 2nd period - Shot Blocked by Kevin Connauton.
12:54 of 2nd period - Shot by Anthony Deangelo.
12:54 of 2nd period - Shot Misses the Net.
13:20 of 2nd period - Shot by Anthony Deangelo.
13:20 of 2nd period - Shot Blocked by Kevin Connauton.
13:56 of 2nd period - Icing by Austin Watson.
13:57 of 2nd period - Ryan Schmelzer wins face-off versus Ryan Winterton in Penguins zone.
14:00 of 2nd period - Shot by David Gustafsson.
14:00 of 2nd period - Shot Misses the Net.
14:48 of 2nd period - Off-side.
14:49 of 2nd period - Tyler Angle wins face-off versus Farm Player 115 in neutral zone.
15:00 of 2nd period - Shot by Gavin Bayreuther.
15:00 of 2nd period - Stopped by Mitchell Weeks with a rebound.
15:02 of 2nd period - Shot by Mark Friedman.
15:02 of 2nd period - Shot Blocked by Jakub Zboril.
15:04 of 2nd period - Shot by Mark Friedman.
15:04 of 2nd period - Stopped by Mitchell Weeks without a rebound.
15:05 of 2nd period - Nicolas Petan wins face-off versus Farm Player 115 in Penguins zone.
15:16 of 2nd period - Shot by David Gustafsson.
15:16 of 2nd period - Deflect By Nicolas Petan.
15:16 of 2nd period - Shot Misses the Net.
15:18 of 2nd period - Shot by Matt Martin.
15:18 of 2nd period - Stopped by Mitchell Weeks without a rebound.
15:19 of 2nd period - Ryan Winterton wins face-off versus Tyler Angle in Penguins zone.
15:37 of 2nd period - Shot by Brendan Lemieux.
15:37 of 2nd period - Stopped by Arturs Silovs without a rebound.
15:38 of 2nd period - Antti Saarela wins face-off versus Kyle Criscuolo in Barracuda zone.
15:52 of 2nd period - Shot by Nikita Chibrikov.
15:52 of 2nd period - Stopped by Arturs Silovs without a rebound.
15:53 of 2nd period - Farm Player 115 wins face-off versus Mike Hardman in Barracuda zone.
16:17 of 2nd period - Shot by Dominik Shine.
16:17 of 2nd period - Stopped by Mitchell Weeks without a rebound.
16:18 of 2nd period - Nicolas Petan wins face-off versus Antti Saarela in Penguins zone.
16:30 of 2nd period - Matt Martin is hit by Anthony Deangelo and loses puck.
17:54 of 2nd period - Icing by Oskar Olausson.
17:55 of 2nd period - Austin Watson wins face-off versus Carsen Twarynski in Barracuda zone.
17:55 of 2nd period - Tyler Kleven is hit by Mark Friedman and loses puck.
18:11 of 2nd period - Minor Penalty to Mark Friedman for Tripping.
18:12 of 2nd period - Ryan Winterton wins face-off versus Mike Hardman in Barracuda zone.
18:19 of 2nd period - Shot by Ryan Winterton.
18:19 of 2nd period - Shot Blocked by Sam Malinski.
18:21 of 2nd period - Shot by Corey Schueneman.
18:21 of 2nd period - Shot Blocked by Ben Hutton.
18:23 of 2nd period - Shot by Corey Schueneman.
18:23 of 2nd period - Shot Misses the Net.
18:25 of 2nd period - Shot by Ryan Winterton.
18:25 of 2nd period - Stopped by Arturs Silovs with a rebound.
19:13 of 2nd period - Shot by Tyson Hinds.
19:13 of 2nd period - Stopped by Arturs Silovs without a rebound.
19:14 of 2nd period - Ryan Winterton wins face-off versus Mike Hardman in Barracuda zone.
19:30 of 2nd period - Off-side.
19:31 of 2nd period - Antti Saarela wins face-off versus Kyle Criscuolo in neutral zone.
19:34 of 2nd period - Shot by Nikita Chibrikov.
19:34 of 2nd period - Shot Misses the Net.
19:36 of 2nd period - Shot by Antti Saarela.
19:36 of 2nd period - Goal by Antti Saarela - Barracuda : 3 - Penguins : 2.
19:37 of 2nd period - Tyler Angle wins face-off versus Farm Player 115 in neutral zone.
19:48 of 2nd period - Shot by Tyler Angle.
19:48 of 2nd period - Stopped by Mitchell Weeks without a rebound.
19:49 of 2nd period - Matt Martin wins face-off versus Ryan Winterton in Penguins zone.
Goals for this period are 1 for Barracuda vs 1 for Penguins.
Shots for this period are 13 for Barracuda vs 16 for Penguins.

3rd period


0:01 of 3rd period - Nicolas Petan wins face-off versus Austin Watson in neutral zone.
0:41 of 3rd period - Icing by Ben Hutton.
0:42 of 3rd period - Nicolas Petan wins face-off versus Lucas Edmonds in Barracuda zone.
1:15 of 3rd period - Kevin Connauton is hit by Corey Schueneman and loses puck.
1:58 of 3rd period - Shot by Daniel Torgersson.
1:58 of 3rd period - Shot Misses the Net.
1:59 of 3rd period - Minor Penalty to Daniel Torgersson for Hooking.
2:00 of 3rd period - Kyle Criscuolo wins face-off versus Austin Watson in Penguins zone.
2:17 of 3rd period - Shot by Nicolas Petan.
2:17 of 3rd period - Shot Blocked by Austin Watson.
2:19 of 3rd period - Shot by Sam Malinski.
2:19 of 3rd period - Shot Misses the Net.
2:21 of 3rd period - Shot by David Gustafsson.
2:21 of 3rd period - Stopped by Mitchell Weeks without a rebound.
2:22 of 3rd period - Ryan Schmelzer wins face-off versus Austin Watson in Penguins zone.
2:37 of 3rd period - Shot by Ryan Schmelzer.
2:37 of 3rd period - Stopped by Mitchell Weeks without a rebound.
2:38 of 3rd period - Kyle Criscuolo wins face-off versus Austin Watson in Penguins zone.
2:41 of 3rd period - Shot by Sam Malinski.
2:41 of 3rd period - Shot Misses the Net.
2:49 of 3rd period - Nicolas Petan is hit by Brendan Lemieux and loses puck.
2:56 of 3rd period - Shot by Ben Hutton.
2:56 of 3rd period - Shot Misses the Net.
3:34 of 3rd period - Nikita Chibrikov is hit by Louis Belpedio and loses puck.
3:40 of 3rd period - Icing by Kevin Connauton.
3:41 of 3rd period - Ryan Winterton wins face-off versus Ryan Schmelzer in Barracuda zone.
3:41 of 3rd period - Ryan Winterton is hit by Louis Belpedio.
3:48 of 3rd period - Brendan Lemieux is hit by Kevin Connauton and loses puck.
3:50 of 3rd period - Minor Penalty to Louis Belpedio for Holding.
3:51 of 3rd period - Kyle Criscuolo wins face-off versus Austin Watson in Barracuda zone.
3:51 of 3rd period - Kyle Criscuolo is hit by Austin Watson.
4:07 of 3rd period - Shot by Mike Hardman.
4:07 of 3rd period - Shot Misses the Net.
4:10 of 3rd period - Icing by Corey Schueneman.
4:11 of 3rd period - Mike Hardman wins face-off versus Antti Saarela in Penguins zone.
4:11 of 3rd period - Mike Hardman is hit by Corey Schueneman.
5:46 of 3rd period - Minor Penalty to Oskar Olausson for Tripping.
5:47 of 3rd period - Ryan Winterton wins face-off versus David Gustafsson in Barracuda zone.
5:48 of 3rd period - Shot by Anthony Deangelo.
5:48 of 3rd period - Stopped by Arturs Silovs without a rebound.
5:49 of 3rd period - Ryan Winterton wins face-off versus David Gustafsson in Barracuda zone.
6:00 of 3rd period - Shot by Jake Massie.
6:00 of 3rd period - Shot Blocked by Kevin Connauton.
6:18 of 3rd period - Shot by Anthony Deangelo.
6:18 of 3rd period - Shot Misses the Net.
6:48 of 3rd period - Shot by Lucas Edmonds.
6:48 of 3rd period - Stopped by Arturs Silovs without a rebound.
6:49 of 3rd period - Ryan Schmelzer wins face-off versus Marcel Marcel in Barracuda zone.
7:00 of 3rd period - Shot by Marcel Marcel.
7:00 of 3rd period - Stopped by Arturs Silovs with a rebound.
7:02 of 3rd period - Shot by Tyler Kleven.
7:02 of 3rd period - Shot Blocked by Louis Belpedio.
7:04 of 3rd period - Shot by Tyler Kleven.
7:04 of 3rd period - Stopped by Arturs Silovs without a rebound.
7:05 of 3rd period - Ryan Schmelzer wins face-off versus Ryan Winterton in Barracuda zone.
8:34 of 3rd period - Icing by Tyler Kleven.
8:35 of 3rd period - Kyle Criscuolo wins face-off versus Farm Player 115 in Penguins zone.
8:40 of 3rd period - Shot by Louis Belpedio.
8:40 of 3rd period - Stopped by Mitchell Weeks without a rebound.
8:41 of 3rd period - Farm Player 115 wins face-off versus Oskar Olausson in Penguins zone.
8:48 of 3rd period - Shot by Kyle Criscuolo.
8:48 of 3rd period - Shot Blocked by Tyler Kleven.
8:50 of 3rd period - Shot by Carsen Twarynski.
8:50 of 3rd period - Goal by Carsen Twarynski - Barracuda : 4 - Penguins : 2.
8:51 of 3rd period - Ryan Winterton wins face-off versus Nicolas Petan in neutral zone.
9:05 of 3rd period - Icing by Matt Martin.
9:06 of 3rd period - Nicolas Petan wins face-off versus Daniel Torgersson in Barracuda zone.
9:15 of 3rd period - Daniel Torgersson is hit by David Gustafsson and loses puck.
9:27 of 3rd period - Off-side.
9:28 of 3rd period - Antti Saarela wins face-off versus Kyle Criscuolo in neutral zone.
9:59 of 3rd period - Shot by Anthony Deangelo.
9:59 of 3rd period - Shot Misses the Net.
10:01 of 3rd period - Shot by Lucas Edmonds.
10:01 of 3rd period - Goal by Lucas Edmonds - Barracuda : 4 - Penguins : 3.
10:02 of 3rd period - Austin Watson wins face-off versus Ryan Schmelzer in neutral zone.
10:15 of 3rd period - Shot by Mike Hardman.
10:15 of 3rd period - Stopped by Mitchell Weeks without a rebound.
10:16 of 3rd period - Nicolas Petan wins face-off versus Farm Player 115 in Penguins zone.
10:26 of 3rd period - David Gustafsson is hit by Daniel Torgersson.
10:30 of 3rd period - Shot by Sam Malinski.
10:30 of 3rd period - Shot Misses the Net.
10:38 of 3rd period - Shot by Brayden Tracey.
10:38 of 3rd period - Stopped by Arturs Silovs without a rebound.
10:39 of 3rd period - Ryan Winterton wins face-off versus Ryan Schmelzer in Barracuda zone.
10:39 of 3rd period - Ryan Winterton is hit by Kevin Connauton.
10:44 of 3rd period - Austin Watson is hit by Kevin Connauton and loses puck.
10:51 of 3rd period - Anthony Deangelo is hit by Ryan Schmelzer.
11:14 of 3rd period - Minor Penalty to Dominik Shine for Hooking.
11:15 of 3rd period - Antti Saarela wins face-off versus Mike Hardman in Barracuda zone.
11:24 of 3rd period - Shot by Nikita Chibrikov.
11:24 of 3rd period - Stopped by Arturs Silovs with a rebound.
11:26 of 3rd period - Shot by Lucas Edmonds.
11:26 of 3rd period - Shot Misses the Net.
11:28 of 3rd period - Shot by Corey Schueneman.
11:28 of 3rd period - Stopped by Arturs Silovs without a rebound.
11:29 of 3rd period - Antti Saarela wins face-off versus Mike Hardman in Barracuda zone.
11:46 of 3rd period - Shot by Antti Saarela.
11:46 of 3rd period - Shot Hit the Post.
11:48 of 3rd period - Shot by Corey Schueneman.
11:48 of 3rd period - Shot Blocked by Louis Belpedio.
11:50 of 3rd period - Shot by Antti Saarela.
11:50 of 3rd period - Stopped by Arturs Silovs without a rebound.
11:51 of 3rd period - Mike Hardman wins face-off versus Ryan Winterton in Barracuda zone.
11:51 of 3rd period - Mike Hardman is hit by Austin Watson.
12:00 of 3rd period - Minor Penalty to Jake Massie for Roughing.
12:01 of 3rd period - Kyle Criscuolo wins face-off versus Austin Watson in Penguins zone.
12:41 of 3rd period - Brayden Tracey is hit by Kevin Connauton.
12:55 of 3rd period - Louis Belpedio is hit by Nikita Chibrikov and loses puck.
13:06 of 3rd period - Shot by Louis Belpedio.
13:06 of 3rd period - Stopped by Mitchell Weeks with a rebound.
13:19 of 3rd period - Nicolas Petan is hit by Corey Schueneman.
13:25 of 3rd period - Shot by Sam Malinski.
13:25 of 3rd period - Shot Misses the Net.
14:08 of 3rd period - Minor Penalty to Jake Massie for Interference.
14:08 of 3rd period - Minor Penalty to Dominik Shine for Roughing.
14:09 of 3rd period - Oskar Olausson wins face-off versus Austin Watson in Penguins zone.
14:18 of 3rd period - Shot by Oskar Olausson.
14:18 of 3rd period - Stopped by Mitchell Weeks without a rebound.
14:19 of 3rd period - Austin Watson wins face-off versus Oskar Olausson in Penguins zone.
14:19 of 3rd period - Austin Watson is hit by Mike Hardman.
14:31 of 3rd period - Anthony Deangelo is hit by Oskar Olausson and loses puck.
14:47 of 3rd period - Shot by Mike Hardman.
14:47 of 3rd period - Stopped by Mitchell Weeks without a rebound.
14:48 of 3rd period - Ryan Winterton wins face-off versus Ryan Schmelzer in Penguins zone.
15:20 of 3rd period - Off-side.
15:21 of 3rd period - Kyle Criscuolo wins face-off versus Austin Watson in neutral zone.
15:26 of 3rd period - Brayden Tracey is hit by Mike Hardman and loses puck.
16:10 of 3rd period - Antti Saarela is hit by Nicolas Petan and loses puck.
16:16 of 3rd period - Nicolas Petan is hit by Tyson Hinds.
16:20 of 3rd period - Shot by Tyler Angle.
16:20 of 3rd period - Shot Misses the Net.
16:22 of 3rd period - Shot by Mark Friedman.
16:22 of 3rd period - Shot Blocked by Tyson Hinds.
16:24 of 3rd period - Shot by Gavin Bayreuther.
16:24 of 3rd period - Shot Misses the Net.
16:26 of 3rd period - Shot by Tyler Angle.
16:26 of 3rd period - Stopped by Mitchell Weeks with a rebound.
16:28 of 3rd period - Shot by Gavin Bayreuther.
16:28 of 3rd period - Stopped by Mitchell Weeks with a rebound.
16:36 of 3rd period - Shot by Tyler Angle.
16:36 of 3rd period - Deflect By Nicolas Petan.
16:36 of 3rd period - Stopped by Mitchell Weeks with a rebound.
16:38 of 3rd period - Shot by Mark Friedman.
16:38 of 3rd period - Stopped by Mitchell Weeks without a rebound.
16:39 of 3rd period - Farm Player 115 wins face-off versus Kyle Criscuolo in Penguins zone.
16:44 of 3rd period - Carsen Twarynski is hit by Daniel Torgersson and loses puck.
17:04 of 3rd period - Icing by Tyson Hinds.
17:05 of 3rd period - Matt Martin wins face-off versus Farm Player 115 in Penguins zone.
17:14 of 3rd period - Shot by David Gustafsson.
17:14 of 3rd period - Shot Misses the Net.
17:24 of 3rd period - Shot by Matt Martin.
17:24 of 3rd period - Stopped by Mitchell Weeks without a rebound.
17:25 of 3rd period - Ryan Schmelzer wins face-off versus Antti Saarela in Penguins zone.
17:55 of 3rd period - Icing by Gavin Bayreuther.
17:56 of 3rd period - Ryan Schmelzer wins face-off versus Ryan Winterton in Barracuda zone.
17:56 of 3rd period - Mark Friedman is hit by Austin Watson and loses puck.
17:57 of 3rd period - Minor Penalty to Austin Watson for Roughing.
17:58 of 3rd period - Kyle Criscuolo wins face-off versus Ryan Winterton in Penguins zone.
17:58 of 3rd period - Ben Hutton is hit by Jake Massie and loses puck.
18:13 of 3rd period - Shot by Sam Malinski.
18:13 of 3rd period - Shot Misses the Net.
18:15 of 3rd period - Shot by Nicolas Petan.
18:15 of 3rd period - Shot Misses the Net.
18:33 of 3rd period - Shot by Ben Hutton.
18:33 of 3rd period - Stopped by Mitchell Weeks without a rebound.
18:34 of 3rd period - Ryan Schmelzer wins face-off versus Ryan Winterton in Penguins zone.
18:35 of 3rd period - Shot by Mike Hardman.
18:35 of 3rd period - Shot Misses the Net.
18:37 of 3rd period - Shot by Ryan Schmelzer.
18:37 of 3rd period - Shot Misses the Net.
18:55 of 3rd period - Shot by Dominik Shine.
18:55 of 3rd period - Shot Blocked by Tyler Kleven.
18:57 of 3rd period - Shot by Louis Belpedio.
18:57 of 3rd period - Stopped by Mitchell Weeks without a rebound.
18:58 of 3rd period - Brayden Tracey wins face-off versus Kyle Criscuolo in Penguins zone.
19:11 of 3rd period - Shot by Ben Hutton.
19:11 of 3rd period - Shot Blocked by Tyson Hinds.
19:44 of 3rd period - Kevin Connauton is hit by Brayden Tracey.
Goals for this period are 1 for Barracuda vs 1 for Penguins.
Shots for this period are 15 for Barracuda vs 9 for Penguins.